 Dungeon Crawl Stone Soup version 0.29-a0-422-gafbd6decc1 (webtiles) character file.

Game seed: 14486563958564260750

4564 Hubjo the Insei (level 10, -3/78 HPs)
             Began as a Demonspawn Transmuter on May 18, 2022.
             Was an Elder of Lugonu.
             Engulfed by a steam dragon's steam (8 damage)
             ... on level 7 of the Dungeon.
             The game lasted 00:24:33 (11941 turns).

Hubjo the Insei (Demonspawn Transmuter)            Turns: 11941, Time: 00:24:33

Health: -3/78      AC:  2    Str: 11    XL:     10   Next: 18%
Magic:  16/18      EV: 24    Int: 14    God:    Lugonu [****..]
Gold:   405        SH:  0    Dex: 23    Spells: 16/20 levels left

rFire   . . .      SeeInvis .     - Unarmed
rCold   . . .      Faith    .   (shield currently unavailable)
rNeg    . . .      Spirit   .   (body armour currently unavailable)
rPois   x          Reflect  .   (helmet currently unavailable)
rElec   .          Harm     .   (cloak currently unavailable)
rCorr   .          Rampage  .   (gloves currently unavailable)
Will    +....                   (boots currently unavailable)
Stlth   ++++......              (no amulet)
HPRegen 0.23/turn               q - +4 ring of evasion
MPRegen 0.16/turn               v - ring of willpower

@: spider-form (expiring)
A: venomous fangs, tiny, (antennae 1), rugged brown scales 1, powered by death 2
a: End Transformation, Renounce Religion, Depart the Abyss, Bend Space, Banish,
Corrupt


You were on level 7 of the Dungeon.
You worshipped Lugonu.
Lugonu was greatly pleased with you.
You were a venomous arachnid creature.
You visited 1 branch of the dungeon, and saw 8 of its levels.
You also visited: Sewer.

You collected 405 gold pieces.

Inventory:

Hand Weapons
 g - a +2 whip of venom
 B - a +4 quarterstaff
 C - a +1 scythe of protection
Missiles
 b - a throwing net
Armour
 a - a +0 robe
 d - a +2 hat (melded)
 s - a +1 cloak
 t - a +0 pair of boots (melded)
 u - a +1 cloak (melded)
 w - a +3 leather armour of cold resistance (melded)
 x - a +0 pair of gloves
 A - a +1 pair of gloves (melded)
Magical Staves
 i - a staff of poison
 G - a staff of death
Jewellery
 j - a ring of flight
 q - a +4 ring of evasion (left front leg)
 v - a ring of willpower (right front leg)
Wands
 k - a wand of polymorph (1)
Scrolls
 c - a scroll of silence
 f - a scroll of blinking
 h - a scroll of amnesia
 l - 6 scrolls of teleportation
 o - 2 scrolls of identify
 r - 2 scrolls of enchant weapon
 z - a scroll of noise
 D - a scroll of enchant armour
Potions
 e - 2 potions of attraction
 m - 7 potions of flight
 n - 2 potions of haste
 p - 5 potions of degeneration


   Skills:
 + Level 5.9 Fighting
 - Level 2.1 Dodging
 - Level 5.9 Stealth
 + Level 6.0 Unarmed Combat
 + Level 5.7 Spellcasting
 + Level 2.0 Necromancy
 + Level 5.6 Transmutations
 - Level 5.4 Poison Magic
 * Level 2.6 Evocations


You had 16 spell levels left.
You knew the following spells:

 Your Spells              Type           Power      Damage    Failure   Level
a - Beastly Appendage     Tmut           38%        N/A       7%          1
b - Spider Form           Tmut/Pois      19%        N/A       14%         3

Your spell library contained the following spells:

 Spells                   Type           Power      Damage    Failure   Level
 Wereblood                Tmut           19%        N/A       10%         2
 Ice Form                 Ice/Tmut       11%        N/A       67%         4


Dungeon Overview and Level Annotations

Branches:
Dungeon (8/15)             Temple (0/1) D:4            Lair (0/6) D:8
  Sewer (visited)

Altars:
Ashenzari
Hepliaklqana
Okawaru
Qazlal
Uskayaw
Zin
Lugonu


Innate Abilities, Weirdness & Mutations

You are a venomous arachnid creature.
You have poisonous fangs.
You are tiny and dextrous.
Your spellcasting is less reliable in this form.
Your armour is entirely melded.
You are incapable of wielding weapons or throwing items.
((You have a pair of small antennae on your head.))
(You are partially covered in rugged brown scales. (AC +1, +3% HP))
You regenerate health from kills.


Message History

Your +1 pair of gloves melds into your body.
Your +0 pair of boots melds into your body.
Your +3 leather armour of cold resistance melds into your body.
You feel less resistant to cold.
No target in view!
You climb downwards.
The elephant tramples you.
You hold your ground!
The elephant completely misses you. The basilisk gazes at you.
You resist with almost no effort. The elephant tramples you!
You hold your ground!
The elephant trunk-slaps you. The basilisk misses you.
There is a stone staircase leading up here.
The basilisk misses you. The elephant tramples you!
You hold your ground!
The elephant misses you.
You climb upwards.
There is a stone staircase leading down here.
You completely miss the basilisk. The elephant tramples you!
You hold your ground!
The elephant barely misses you. The basilisk bites you!
* * * LOW HITPOINT WARNING * * *
Blink to where?
Press: ? - help, Dir - move target
Okay, then.
You hit the elephant.
The elephant is poisoned.
The elephant is lightly wounded.
Your transformation is almost over.
Blink to where?
Press: ? - help, Dir - move target
As you read the scroll of blinking, it crumbles to dust.
Aiming: Polymorph
Press: ? - help, Shift-Dir - straight line, f - elephant
Aim: an elephant (lightly wounded, very poisoned, will become a manticore, a harpy, or a steam dragon, chance to affect: 22%)
The elephant resists with almost no effort.
Aiming: Polymorph
Press: ? - help, Shift-Dir - straight line, f/p - elephant
Aim: an elephant (lightly wounded, very poisoned, will become a manticore, a harpy, or a steam dragon, chance to affect: 22%)
The elephant evaporates and reforms as a steam dragon!
The steam dragon breathes steam at you. The ball of steam hits you!!
* * * LOW HITPOINT WARNING * * *
You are engulfed in a cloud of scalding steam.
You die...

........................#
#######################.# # #.# #
#.# # ####### #.# #### #
#.....#####.# #... #
#.........#.# #... #
#.........#.# #... #
######..§s.....#.# #...
########......§.......#.# #...
#...........§§........#)# #(..
#..........§..........#)######...
#.........D...##......#..).......
#....(....l..............).......
#..............#....####.....####
#####.[>.........................
#....#.....#....####.....###.


You could see a basilisk and a steam dragon.

Vanquished Creatures
  Pikel (D:4)
  Joseph (D:7)
  Grinder (D:3)
  A hornet (D:8)
  Sigmund (D:6)
  5 yaks
  A basilisk (D:7)
  A steam dragon (D:4)
  An orc warrior (D:7)
  A sky beast (D:6)
  A black bear (D:3)
  4 centaurs
  A phantom (D:7)
  3 necrophages
  A bullfrog (D:8)
  3 scorpions
  2 water moccasin zombies (D:5)
  3 wights (D:7)
  A howler monkey (D:5)
  A hound (D:5)
  A centaur zombie (D:5)
  An orc priest (D:7)
  2 jellies
  2 gnoll shamans
  3 iguanas
  2 scorpion zombies (D:5)
  6 orc wizards
  A howler monkey zombie (D:5)
  Robin (D:3)
  7 adders
  14 gnolls
  5 river rats
  2 shadow imps (D:6)
  An adder zombie (D:5)
  6 worms
  3 dart slugs
  10 orcs
  9 ball pythons
  6 bats
  5 endoplasms
  5 giant cockroaches
  8 goblins
  9 hobgoblins
  5 jackals
  A kobold (D:1)
  7 quokkas
  6 frilled lizards
  9 rats
171 creatures vanquished.

Vanquished Creatures (others)
  A fungus (D:8)
1 creature vanquished.

Grand Total: 172 creatures vanquished

Notes
Turn   | Place    | Note
-------+----------+-------------------------------------------
     0 | D:1      | Hubjo the Demonspawn Transmuter began the quest for the
                  | Orb.
     0 | D:1      | Reached XP level 1. HP: 15/15 MP: 3/3
   329 | D:1      | Gained mutation: You are partially covered in rugged brown
                  | scales. (AC +1, +3% HP) [demonic ancestry]
   329 | D:1      | Reached XP level 2. HP: 13/21 MP: 3/5
  1383 | D:2      | Reached skill level 3 in Unarmed Combat
  1383 | D:2      | Reached XP level 3. HP: 7/26 MP: 4/6
  1888 | D:2      | Found a faded altar of an unknown god.
  2259 | D:2      | Prayed at the altar of an unknown god.
  2259 | D:2      | Became a worshipper of Lugonu the Unformed
  2259 | D:2      | Reached * piety under Lugonu
  2259 | D:2      | Reached ** piety under Lugonu
  2506 | D:3      | Noticed Grinder
  2506 | D:3      | Paralysed by Grinder for 3 turns
  2525 | D:3      | Found a broken altar of Ashenzari.
  2684 | D:3      | Paralysed by Grinder for 2 turns
  2692 | D:3      | Killed Grinder
  2693 | D:3      | Reached XP level 4. HP: 35/35 MP: 6/8
  2693 | D:3      | Gained mutation: You regenerate a little health from kills.
                  | [demonic ancestry]
  2693 | D:3      | Reached XP level 5. HP: 40/40 MP: 6/9
  3243 | D:3      | Noticed Robin
  3257 | D:3      | Reached XP level 6. HP: 47/47 MP: 8/10
  3279 | D:3      | Killed Robin
  3402 | D:3      | Found a hide-covered altar of Uskayaw.
  4425 | D:4      | Noticed a steam dragon
  4461 | D:3      | Learned a level 3 spell: Spider Form
  4485 | D:3      | Lost mutation: You have a pair of horns on your head.
                  | [demonic ancestry]
  4485 | D:3      | Lost mutation: You have a pair of small horns on your head.
                  | [demonic ancestry]
  4485 | D:3      | Gained mutation: You have a pair of small antennae on your
                  | head. [demonic ancestry]
  4485 | D:3      | Reached XP level 7. HP: 47/53 MP: 9/12
  4626 | D:4      | Killed a steam dragon
  4627 | D:4      | Reached skill level 4 in Unarmed Combat
  4627 | D:4      | Reached skill level 1 in Poison Magic
  4799 | D:4      | Found a staircase to the Ecumenical Temple.
  4849 | D:4      | Noticed Pikel
  4866 | D:4      | Killed Pikel
  4866 | D:4      | Reached *** piety under Lugonu
  4867 | D:4      | Reached XP level 8. HP: 16/61 MP: 11/13
  5607 | D:5      | Entered Level 5 of the Dungeon
  6714 | D:5      | Found a stormy altar of Qazlal.
  7095 | D:6      | Found a glowing drain.
  7106 | Sewer    | Entered a sewer
  7311 | Sewer    | Reached **** piety under Lugonu
  8235 | D:6      | Reached skill level 5 in Stealth
  8906 | D:6      | Reached skill level 5 in Unarmed Combat
  8906 | D:6      | Gained mutation: You regenerate health from kills. [demonic
                  | ancestry]
  8906 | D:6      | Reached XP level 9. HP: 65/67 MP: 12/16
  9209 | D:6      | Found a faded altar of an unknown god.
  9209 | D:6      | Found a hazy altar of Hepliaklqana.
  9265 | D:6      | Noticed Sigmund
  9279 | D:6      | Killed Sigmund
  9377 | D:5      | HP: 3/69 [yak (13)]
  9385 | D:5      | Reached skill level 5 in Fighting
  9385 | D:5      | Reached skill level 5 in Spellcasting
  9385 | D:5      | Reached skill level 5 in Poison Magic
  9834 | D:6      | Reached skill level 5 in Transmutations
 10387 | D:7      | Noticed Joseph
 10422 | D:7      | Killed Joseph
 10423 | D:7      | Reached skill level 1 in Necromancy
 10423 | D:7      | Reached skill level 1 in Evocations
 10930 | D:7      | Reached XP level 10. HP: 31/77 MP: 16/18
 10952 | D:7      | HP: 1/71 [wight/+0 battleaxe (7)]
 11532 | D:8      | Found an iron altar of Okawaru.
 11797 | D:8      | Reached skill level 6 in Unarmed Combat
 11905 | D:8      | Found a staircase to the Lair.
 11906 | D:8      | Noticed an elephant
 11939 | D:7      | an elephant changed into a steam dragon
 11941 | D:7      | Engulfed by a steam dragon's steam

Illustrated notes

Levels and vault maps discovered:
D:1:      wander_arrival_estate, layout_loops_ring
D:2:      layout_basic, ebering_ecumenical_altar_box
D:3:      layout_loops_ring, lemuel_coloured_pillars_altar,
          ashenzari_conservatory_becter, uniq_robin, uniq_grinder
D:4:      layout_basic, minmay_temple_entry_trees, uniq_pikel
D:5:      layout_loops_ring, mainiacjoe_overflow_cross_hatched,
          nicolae_qazlal_scattered_showers, serial_undead, serial_undead_f,
          serial_undead_f, serial_undead_a, serial_undead_c, hex_tiny
D:6:      layout_basic, beargit_hepliaklqana_dungeon_heroes,
          gup_sewer_entry_spiral, uniq_sigmund
D:7:      layout_basic, dk_noncrumbling_2, uniq_joseph
D:8:      layout_basic, mainiacjoe_overflow_catwalk, david_lair_generic,
          uniq_psyche, uniq_maggie, uniq_gastronok, uniq_prince_ribbit1

Skill      XL: |  1  2  3  4  5  6  7  8  9 10 |
---------------+-------------------------------+-----
Dodging        | 2 |  2.1
Transmutations | 2 3 4 5 |  5.6
Unarmed Combat | 3 4 5 6 |  6.0
Fighting       | 2 3 4 5 |  5.9
Stealth        | 2 3 4 5 |  5.9
Spellcasting   | 3 4 5 |  5.7
Poison Magic   | 3 4 5 |  5.4
Necromancy     | 1 2 |  2.0
Evocations     | 1 2 |  2.6

Action                   |  1- 3 |  4- 6 |  7- 9 | 10-12 || total
-------------------------+-------+-------+-------+-------++-------
Melee: Unarmed           |    92 |    79 |   551 |    58 ||   780
       Kick              |    16 |    22 |    84 |       ||   122
       Headbutt          |     8 |     9 |       |       ||    17
       Punch             |     2 |     1 |     9 |       ||    12
 Cast: Beastly Appendage |    22 |    16 |    35 |       ||    73
       Spider Form       |       |       |    30 |     8 ||    38
Invok: Bend Space        |       |     1 |       |       ||     1
Evoke: Wand              |       |       |       |     2 ||     2
  Use: Scroll            |     4 |     2 |    10 |     1 ||    17
       Potion            |     2 |       |    11 |     1 ||    14
 Stab: Sleeping          |       |       |     8 |     1 ||     9
       Invisible         |       |       |       |     3 ||     3
Armor: Robe              |    15 |    28 |    95 |       ||   138
       Skin              |    20 |     3 |     8 |     1 ||    32
       Leather armour    |       |       |     1 |     3 ||     4
Dodge: Dodged            |    60 |    85 |   521 |    85 ||   751

Table legend: (Time is in decaauts)
 A = Elapsed time spent in this place.
 B = Non-inter-level travel time spent in this place.
 C = Inter-level travel time spent in this place.
 D = Time resting spent in this place.
 E = Time spent auto-exploring this place.
 F = Levels seen in this place.
 G = Mean time per level.
                   A        B        C        D        E       F      G
               +--------+--------+--------+--------+--------+-----+--------+
         Total |  12092 |  11503 |    589 |   1077 |   8388 |   9 | 1343.6 |
       Dungeon |  10950 |  10361 |    589 |   1077 |   7616 |   8 | 1368.8 |
         Sewer |   1142 |   1142 |      0 |      0 |    771 |   1 | 1142.0 |
               +--------+--------+--------+--------+--------+-----+--------+

Top non-repeatable levels by time:
     D:5: 2072 daAuts
     D:4: 1575 daAuts
     D:3: 1533 daAuts
     D:7: 1478 daAuts
     D:6: 1445 daAuts
     D:1: 1263 daAuts
     D:2: 1225 daAuts
   Sewer: 1142 daAuts
     D:8: 355 daAuts
